 Dungeon Crawl Stone Soup version 0.24.0-10-g970556be89 (webtiles) character file.

Game seed: 10492063276789749314, levelgen mode: deterministic

26 Froggeryz the Cudgeler (level 3, -1/21 HPs)
             Began as a Kobold Skald on Nov 4, 2019.
             Slain by an adder (6 damage)
             ... on level 2 of the Dungeon.
             The game lasted 00:01:21 (1443 turns).

Froggeryz the Cudgeler (Kobold Skald)               Turns: 1443, Time: 00:01:22

Health: -1/21      AC:  5    Str:  9    XL:     3   Next: 22%
Magic:  6/6        EV: 13    Int: 14    God:
Gold:   41         SH:  0    Dex: 14    Spells: 5/6 levels left

rFire    . . .     SeeInvis .   a - +0 mace
rCold    . . .     Gourm    .   (shield restricted)
rNeg     . . .     Faith    .   c - +0 ring mail
rPois    .         Spirit   .   (no helmet)
rElec    .         Reflect  .   (no cloak)
rCorr    .         Harm     .   (no gloves)
MR       .....                  (no boots)
Stlth    +.........             (no amulet)
HPRegen  0.07/turn              (no ring)
MPRegen  0.10/turn              (no ring)

@: lethally poisoned (-1 -> -14)
A: small, carnivore
a: no special abilities


You were on level 2 of the Dungeon.
You were very full.

You visited 1 branch of the dungeon, and saw 2 of its levels.

You collected 41 gold pieces.

Inventory:

Hand Weapons
 a - a +0 mace (weapon)
Missiles
 i - 4 datura-tipped darts (quivered)
Armour
 c - a +0 ring mail (worn)
Jewellery
 g - a cursed ring of teleportation {unknown}
Scrolls
 b - 3 scrolls of teleportation {unknown}
 e - a scroll of random uselessness {unknown}
 f - a scroll of enchant armour {unknown}
 j - a scroll of remove curse {unknown}
Potions
 k - a potion of curing {unknown}
Comestibles
 d - 2 rations


   Skills:
 - Level 2.1 Fighting
 * Level 3.0 Maces & Flails
 - Level 0.7 Armour
 + Level 2.6 Dodging
 - Level 2.1 Spellcasting
 - Level 2.4 Charms


You had 5 spell levels left.
You knew the following spells:

 Your Spells              Type           Power        Failure   Level  Hunger
a - Infusion              Chrm           #...         24%         1    #......

Your spell library contained the following spells:

 Spells                   Type           Power        Failure   Level  Hunger
 Song of Slaying          Chrm           #.......     36%         2    ###....
 Shroud of Golubria       Chrm/Tloc      #.....       52%         2    ###....
 Regeneration             Chrm/Necr      #.........   75%         3    ###....
 Spectral Weapon          Hex/Chrm       #.......     75%         3    ###....


Dungeon Overview and Level Annotations

Branches:
Dungeon (2/15)

Altars:


Innate Abilities, Weirdness & Mutations

You are small and have problems with some larger weapons.
You are carnivorous and can eat meat at any time.


Message History

The adder closely misses you.
No target in view!
No target in view!
The adder refuses to make way for you. (Use ctrl+direction or * direction to attack.)
The adder refuses to make way for you. (Use ctrl+direction or * direction to attack.)
The adder refuses to make way for you. (Use ctrl+direction or * direction to attack.)
The adder bites you. The adder barely misses you. The adder bites you.
You hit the adder.
The adder is heavily wounded.
The adder bites you.
You are poisoned.
The adder poisons you! The adder bites you.
You are more poisoned.
The adder poisons you! The adder completely misses you.
You hit the adder.
The adder is severely wounded.
* * * LOW HITPOINT WARNING * * *
You feel sick. The adder bites you.
You die...

#. #.###### #..
#.#.... ...
#.#.#.#####
#.##.#.#.....#+#
#.....<().?.....
#....#@#####..<.
#....S.....+ .
#....).#####
#..#.### #....
##.#. ..... ...
.. ... ...


You could see a neutral adder (insane).

Vanquished Creatures
  2 dart slugs (D:1)
  2 leopard geckos (D:1)
  3 bats (D:1)
  A goblin (D:1)
  3 hobgoblins (D:1)
  2 frilled lizards (D:1)
  5 kobolds
  3 rats (D:1)
21 creatures vanquished.

Notes
Turn   | Place    | Note
-------+----------+-------------------------------------------
     0 | D:1      | Froggeryz the Kobold Skald began the quest for the Orb.
     0 | D:1      | Reached XP level 1. HP: 12/12 MP: 3/3
    85 | D:1      | Reached skill level 2 in Maces & Flails
   200 | D:1      | Reached XP level 2. HP: 17/17 MP: 5/5
   851 | D:1      | Reached XP level 3. HP: 18/21 MP: 6/6
  1023 | D:1      | Reached skill level 3 in Maces & Flails
  1443 | D:2      | Slain by an adder

Levels and vault maps discovered:
D:1:      evilmike_arrival_fibonacci_small, layout_basic, minmay_cut_off
D:2:      layout_basic, nicolae_qazlal_style_of_elements, uniq_sigmund,
          uniq_jessica

Skill      XL: |  1  2  3 |
---------------+----------+-----
Maces & Flails | 2 3 |  3.0
Fighting       | |  2.1
Armour         | |  0.7
Dodging        | |  2.6
Spellcasting   | |  2.1
Charms         | |  2.4

Action                   || total
-------------------------++-------
Melee: Mace              ||    71
Throw: Dart              ||     2
  Eat: Chunk             ||     9
Armor: Ring mail         ||    28
Dodge: Dodged            ||    57
